 Dungeon Crawl Stone Soup version 0.30-a0-272-gf98c3da03f (webtiles) character file.

Game seed: 11047402577840129826

212 Belterius the Chopper (level 5, -5/47 HPs)
             Began as a Minotaur Berserker on Oct 15, 2022.
             Was a Priest of Trog.
             Slain by an ogre
             ... wielding a +0 giant club
              (14 damage)
             ... on level 4 of the Dungeon.
             The game lasted 00:03:43 (2521 turns).

Belterius the Chopper (Minotaur Berserker)          Turns: 2521, Time: 00:03:43

Health: -5/47      AC: 10    Str: 24    XL:     5   Next: 58%
Magic:  13/13      EV:  9    Int:  4    God:    Trog [***...]
Gold:   93         SH:  0    Dex:  9    Spells: 4/4 levels left

rFire   . . .      SeeInvis .    r - +0 hammer (holy)
rCold   . . .      Faith    .    (no shield)
rNeg    . . .      Spirit   .    u - +0 chain mail
rPois   .          Reflect  .    (helmet restricted)
rElec   .          Harm     .    q - +0 cloak
rCorr   .          Rampage  .    (no gloves)
Will    ++...                    (no boots)
Stlth   ..........               (no amulet)
HPRegen 1.27/turn                n - ring of flight
MPRegen 0.13/turn                o - ring of magical power

@: strong-willed, flying, regenerating
A: horns 2, retaliatory headbutt
a: Renounce Religion, Berserk, Trog's Hand


You were on level 4 of the Dungeon.
You worshipped Trog.
Trog was most pleased with you.
You visited 1 branch of the dungeon, and saw 4 of its levels.

You collected 93 gold pieces.

Inventory:

Hand Weapons
 a - a +0 hand axe
 r - a +0 hammer of holy wrath (weapon)
Armour
 q - a +0 cloak (worn)
 u - a +0 chain mail (worn)
Jewellery
 n - a ring of flight (left hand)
 o - a ring of magical power (right hand)
Scrolls
 b - a scroll of torment {unknown}
 c - a scroll of acquirement {unknown}
 d - 2 scrolls of identify {unknown}
 e - a scroll of poison {unknown}
 g - 2 scrolls of fog {unknown}
 i - a scroll of amnesia {unknown}
 j - a scroll of enchant armour {unknown}
 l - a scroll of silence {unknown}
 m - a scroll of vulnerability {unknown}
 p - a scroll of enchant weapon {unknown}
 t - a scroll of blinking {unknown}
Potions
 f - a potion of ambrosia {unknown}
 h - a potion of lignification {unknown}
 k - 2 potions of curing {unknown}
 s - a potion of heal wounds {unknown}
 v - a potion of flight {unknown}
 w - a potion of degeneration {unknown}


   Skills:
 + Level 4.8 Fighting
 * Level 5.1 Axes
 + Level 4.0 Armour
 + Level 3.6 Dodging


You had 4 spell levels left.
You didn't know any spells.
Your spell library was empty.

Dungeon Overview and Level Annotations

Branches:
Dungeon (4/15)
 Temple: D:4-7

Altars:
Qazlal
The Shining One


Innate Abilities, Weirdness & Mutations

You have a pair of horns on your head.
You reflexively headbutt those who attack you in melee.


Message History

Trog accepts your kill.
Unknown command.
w - a silvery potion No target in view!
Unknown command.
You see here a +0 club.
Key pressed, stopping explore.
No target in view!
Unknown command.
An ogre comes into view. It is wielding a +0 giant club.
The ogre shouts!
Unknown command.
An ogre is nearby!
Unknown command.
An ogre is nearby!
The ogre misses you. You furiously retaliate!
You headbutt the ogre.
Unknown command.
An ogre is nearby!
You hit the ogre.
The ogre is moderately wounded.
The ogre hits you with a +0 giant club!
Unknown command.
You see here a +0 club.
You see here an adder corpse.
Your skin crawls.
You feel strong-willed.
You hit the ogre.
The ogre is heavily wounded.
The ogre hits you with a +0 giant club!
You sock the ogre!
The ogre is severely wounded.
The ogre hits you with a +0 giant club!
You sock the ogre!
The ogre is almost dead.
The ogre hits you with a +0 giant club!
* * * LOW HITPOINT WARNING * * *
You hit the ogre but do no damage.
The ogre is almost dead.
The ogre hits you with a +0 giant club!
You die...

#################
#.†......O@.....#
###.#############.#
#.........# #.#
#####.........# #.#
....).........# #.#
..............# #.#
........####### #.#
........### #.#
..........###########.#


You could see an ogre.

Vanquished Creatures
  A hound (D:3)
  Crazy Yiuf (D:2)
  Terence (D:3)
  5 adders
  A worm (D:2)
  3 orcs (D:3)
  6 ball pythons
  2 endoplasms
  3 giant cockroaches
  10 goblins
  8 hobgoblins
  8 jackals
  6 kobolds
  3 quokkas
  7 bats
  6 frilled lizards
  4 rats
75 creatures vanquished.

Notes
Turn   | Place    | Note
-------+----------+-------------------------------------------
     0 | D:1      | Belterius the Minotaur Berserker began the quest for the
                  | Orb.
     0 | D:1      | Reached XP level 1. HP: 19/19 MP: 0/0
   139 | D:1      | Reached XP level 2. HP: 27/27 MP: 1/1
   382 | D:1      | Reached ** piety under Trog
   393 | D:1      | Reached skill level 4 in Axes
   418 | D:1      | Reached XP level 3. HP: 32/33 MP: 2/2
   899 | D:2      | Reached XP level 4. HP: 20/40 MP: 3/3
   990 | D:2      | Found a glowing golden altar of the Shining One.
  1366 | D:2      | Found a runed translucent door.
  1367 | D:2      | Noticed Crazy Yiuf
  1567 | D:2      | Killed Crazy Yiuf
  1833 | D:3      | Reached XP level 5. HP: 47/47 MP: 4/4
  1895 | D:3      | Noticed Terence
  1900 | D:3      | Killed Terence
  2016 | D:3      | Reached skill level 5 in Axes
  2257 | D:3      | Reached *** piety under Trog
  2313 | D:3      | Found a stormy altar of Qazlal.
  2490 | D:4      | Noticed an ogre
  2521 | D:4      | Slain by an ogre

Illustrated notes

Levels and vault maps discovered:
D:1:      saegor_arrival_simple_d, layout_basic
D:2:      minmay_recursive_quarters, layout_basic, basic_altar,
          minmay_misc_feat_plants, uniq_crazy_yiuf_cottage
D:3:      layout_basic, nicolae_qazlal_eye_of_the_storm, uniq_terence
D:4:      minmay_bubble_buster, layout_basic, mainiacjoe_overflow_cross_hatched

Skill      XL: |  1  2  3  4  5 |
---------------+----------------+-----
Armour         | 3 4 |  4.0
Fighting       | 4 |  4.8
Axes           | 4 5 |  5.1
Dodging        | 3 |  3.6

Action                   |  1- 3 |  4- 6 || total
-------------------------+-------+-------++-------
Melee: Hand axe          |    90 |    14 ||   104
       Headbutt          |    14 |     9 ||    23
       Mace              |       |    55 ||    55
Invok: Trog's Hand       |       |     2 ||     2
Armor: Animal skin       |    17 |       ||    17
       Leather armour    |       |     8 ||     8
       Chain mail        |       |    16 ||    16
Dodge: Dodged            |    55 |    47 ||   102

Table legend: (Time is in decaauts)
 A = Elapsed time spent in this place.
 B = Non-inter-level travel time spent in this place.
 C = Inter-level travel time spent in this place.
 D = Time resting spent in this place.
 E = Time spent auto-exploring this place.
 F = Levels seen in this place.
 G = Mean time per level.
                   A        B        C        D        E       F      G
               +--------+--------+--------+--------+--------+-----+--------+
         Total |   2543 |   2465 |     78 |     94 |   1904 |   4 |  635.8 |
       Dungeon |   2543 |   2465 |     78 |     94 |   1904 |   4 |  635.8 |
               +--------+--------+--------+--------+--------+-----+--------+

Top non-repeatable levels by time:
     D:2: 1078 daAuts
     D:3: 726 daAuts
     D:1: 629 daAuts
     D:4: 109 daAuts
